 Dungeon Crawl Stone Soup version 0.24-a0-516-g9de272bb65 (webtiles) character file.

Game seed: 16797913335175683797

161 Greboboi the Covered (level 5, -1/46 HPs)
             Began as a Minotaur Fighter on July 22, 2019.
             Killed from afar by Natasha (8 damage)
             ... with a magic dart
             ... on level 3 of the Dungeon.
             The game lasted 00:04:27 (2309 turns).

Greboboi the Covered (Minotaur Fighter)             Turns: 2309, Time: 00:04:27

Health: -1/46      AC:  7    Str: 21    XL:     5   Next: 19%
Magic:  4/4        EV:  8    Int:  5    God:
Gold:   88         SH:  9    Dex: 10    Spells: 4/4 levels left

rFire    . . .     SeeInvis .   a - +0 rapier
rCold    . . .     Gourm    .   c - +0 shield
rNeg     . . .     Faith    .   b - +0 scale mail
rPois    .         Spirit   .   (helmet restricted)
rElec    .         Reflect  .   (no cloak)
rCorr    .         Harm     .   (no gloves)
MR       .....                  (no boots)
Stlth    ..........             (no amulet)
HPRegen  0.15/turn              (no ring)
MPRegen  0.09/turn              (no ring)

@: no status effects
A: retaliatory headbutt, horns 2
a: no special abilities


You were on level 3 of the Dungeon.
You were not hungry.

You visited 1 branch of the dungeon, and saw 3 of its levels.

You collected 88 gold pieces.

Inventory:

Hand Weapons
 a - a +0 rapier (weapon)
 n - a +0 dagger of venom
 w - a +2 morningstar of holy wrath
Armour
 b - a +0 scale mail (worn)
 c - a +0 shield (worn)
Wands
 o - a wand of enslavement (7)
Scrolls
 i - 2 scrolls of teleportation {unknown}
 l - a scroll of remove curse {unknown}
 p - a scroll of random uselessness {unknown}
 q - a scroll of noise {unknown}
 t - a scroll of identify {unknown}
 u - a scroll of enchant weapon {unknown}
Potions
 d - a potion of might
 e - a potion of brilliance {unknown}
 g - a potion of heal wounds {unknown}
 h - a potion of haste {unknown}
 j - a potion of degeneration {unknown}
 k - 2 potions of curing {unknown}
 m - a potion of flight {unknown}
 r - a potion of lignification {unknown}
 v - a potion of agility {unknown}
Comestibles
 f - a ration
 s - 2 chunks of flesh


   Skills:
 + Level 4.1 Fighting
 + Level 3.1 Short Blades
 + Level 5.0 Armour
 * Level 2.1 Dodging
 + Level 4.5 Shields


You had 4 spell levels left.
You didn't know any spells.
Your spell library was empty.

Dungeon Overview and Level Annotations

Branches:
Dungeon (3/15)

Altars:

Annotations:
D:3 Natasha


Innate Abilities, Weirdness & Mutations

You reflexively headbutt those who attack you in melee.
You have a pair of horns on your head.


Message History

A bat comes into view.
The bat moves out of view.
Natasha mumbles some strange words.
Natasha mumbles some strange words.
Natasha barely misses you. You furiously retaliate!
You headbutt Natasha. You block the crimson imp's attack.
You barely miss Natasha. You headbutt Natasha!
Natasha is almost dead.
Natasha barely misses you. You furiously retaliate!
You headbutt Natasha, but do no damage.
The crimson imp hits you but does no damage.
You miss Natasha.
Natasha is almost dead.
Natasha claws you but does no damage. The crimson imp barely misses you.
The crimson imp hits you but does no damage.
You closely miss Natasha. Your headbutt misses Natasha.
Natasha is almost dead.
Natasha stares at you and mumbles some strange words.
The magic dart hits you!
You die...

########### #.........#
#.........# #.........#####
##......†....).#
##..........###[###
##########..5.5......# #...#
............h@..##########.###
........#)#####.........<....#
#######...# ################
...... #.###... #. #...# .
#..h# .. ...5#


You could see Natasha and 2 crimson imps.

Vanquished Creatures
  An orc priest (D:3)
  Natasha (twice) (D:3)
  2 adders (D:2)
  2 oozes (D:2)
  A worm (D:2)
  A dart slug (D:2)
  3 orcs (D:3)
  A ball python (D:1)
  5 bats
  10 goblins
  6 hobgoblins
  6 frilled lizards
  7 kobolds
  3 rats (D:1)
50 creatures vanquished.

Notes
Turn   | Place    | Note
-------+----------+-------------------------------------------
     0 | D:1      | Greboboi the Minotaur Fighter began the quest for the Orb.
     0 | D:1      | Reached XP level 1. HP: 19/19 MP: 0/0
   100 | D:1      | Reached skill level 4 in Armour
   110 | D:1      | Reached XP level 2. HP: 12/27 MP: 1/1
   889 | D:2      | Reached skill level 1 in Dodging
   889 | D:2      | Reached XP level 3. HP: 18/33 MP: 2/2
  1728 | D:2      | Reached XP level 4. HP: 40/40 MP: 3/3
  2179 | D:3      | Noticed Natasha
  2184 | D:3      | HP: 1/40 [Natasha (7)]
  2190 | D:3      | Killed Natasha
  2194 | D:3      | Reached XP level 5. HP: 3/46 MP: 4/4
  2283 | D:3      | Noticed Natasha
  2294 | D:3      | Killed Natasha
  2294 | D:3      | Reached skill level 5 in Armour
  2295 | D:3      | Noticed Natasha
  2309 | D:3      | Killed from afar by Natasha

Levels and vault maps discovered:
D:1:      tarquinn_simple_flora_water_f, layout_basic
D:2:      layout_basic
D:3:      layout_rooms, trog_eyes_of_draining, uniq_natasha

Skill      XL: |  1  2  3  4  5 |
---------------+----------------+-----
Armour         | 4 5 |  5.0
Shields        | 4 |  4.5
Dodging        | 1 2 |  2.1
Fighting       | 4 |  4.1
Short Blades   | 3 |  3.1

Action                   |  1- 3 |  4- 6 || total
-------------------------+-------+-------++-------
Melee: Rapier            |    95 |    40 ||   135
       Headbutt          |    14 |     7 ||    21
  Eat: Chunk             |     3 |     1 ||     4
Armor: Scale mail        |    45 |    10 ||    55
Dodge: Dodged            |    33 |     8 ||    41
Block: Shield            |    64 |     9 ||    73

Table legend:
 A = Non-vault XP
 B = Vault XP
 C = Vault XP percentage of total XP
 D = Non-vault monster count
 E = Vault monster count
 F = Vault count percentage of total count
                 A         B        C        D         E       F
            +---------+---------+-------+---------+---------+-------
      Total |     198 |      33 |  14.3 |      49 |       1 |   2.0
            +---------+---------+-------+---------+---------+-------
        D:1 |      32 |       0 |   0.0 |      22 |       0 |   0.0
        D:2 |      74 |       0 |   0.0 |      20 |       0 |   0.0
        D:3 |      92 |      33 |  26.4 |       7 |       1 |  12.5
            +---------+---------+-------+---------+---------+-------
